 Dungeon Sprint DCSS version 0.18.1-6-gd335043 (webtiles) character file.

904 Hipnos the Grappler (level 7, -6/60 HPs)
             Began as a Purple Draconian Transmuter on May 20, 2016.
             Was a Believer of Sif Muna.
             Mangled by a deep troll (19 damage)
             ... in the Dungeon (Sprint I: "Red Sonja").
             The game lasted 00:05:18 (812 turns).

Hipnos the Grappler (Purple Draconian Transmuter)    Turns: 812, Time: 00:05:19

Health: -6/60      AC:  2    Str: 13    XL:     7   Next: 80%
Magic:  17/18      EV: 25    Int: 14    God:    Sif Muna [**....]
Gold:   185        SH:  0    Dex: 17    Spells: 5 memorised, 6 levels left

rFire  . . .     SeeInvis .       - Unarmed
rCold  . . .     Gourm    .     (armour unavailable)
rNeg   . . .     Faith    .     (shield currently unavailable)
rPois  .         Spirit   .     (helmet currently unavailable)
rElec  .         Dismiss  .     (cloak currently unavailable)
rCorr  .         Reflect  .     (gloves currently unavailable)
SustAt .         Harm     .     (boots currently unavailable)
MR     +....     NoTele   +     (no amulet)
Stlth  ++........               (no ring)
                                l - ring of poison resistance

@: spider-form, somewhat resistant to hostile enchantments, unstealthy
A: (breathe power), unfitting armour, (cold-blooded), AC +6
a: End Transformation, Channel Energy, Renounce Religion


You were in the Dungeon.
You worshipped Sif Muna.
Sif Muna was pleased with you.
You were hungry.
You were a venomous arachnid creature.
You visited 1 branch You collected 405 gold pieces.
You spent 220 gold pieces at shops.

Inventory:

Missiles
 a - 8 arrows
Jewellery
 l - a ring of poison resistance (left front leg)
Scrolls
 i - a scroll of blinking
Potions
 d - 2 potions of curing
 f - a potion of haste
 g - 2 potions of magic
 h - a potion of berserk rage
 j - a potion of lignification {unknown}
Books
 b - a book of Changes

   Spells                             Type                      Level
   a - Beastly Appendage              Transmutation                1
   b - Sticks to Snakes               Transmutation                2
   c - Spider Form                    Transmutation/Poison         3
   d - Ice Form                       Ice/Transmutation            4
   e - Blade Hands                    Transmutation                5
Comestibles
 c - a bread ration
 k - a meat ration


   Skills:
 + Level 4.5 Fighting
 * Level 6.3 Dodging
 * Level 11.3 Unarmed Combat
 + Level 7.9 Spellcasting
 * Level 7.6 Transmutations
 - Level 1.3 Ice Magic
 - Level 2.4 Poison Magic


You had 6 spell levels left.
You knew the following spells:

 Your Spells              Type           Power        Failure   Level  Hunger
a - Beastly Appendage     Trmt           ####..       4%          1    None
b - Sticks to Snakes      Trmt           ####....     4%          2    None
c - Spider Form           Trmt/Pois      ###.......   17%         3    ##.....
d - Ice Form              Ice/Trmt       ###.....     45%         4    ####...
e - Blade Hands           Trmt           ####......   36%         5    #####..


Dungeon Overview and Level Annotations

Branches:
Dungeon (1/1)

Altars:
Elyvilon
Gozag
Kikubaaqudgha
Makhleb
Nemelex Xobeh
Okawaru
Pakellas
Qazlal
Ru
Sif Muna
Trog
Vehumet
Xom
Yredelemnul
Zin
The Shining One

Shops:
D =


Innate Abilities, Weirdness & Mutations

((You can breathe bolts of dispelling energy.))
((Your rich purple scales are hard (AC +6).))
Your body does not fit into most forms of armour.
((You are cold-blooded and may be slowed by cold attacks.))


Message History

You hit the deep troll.
The deep troll is lightly wounded.
The deep troll closely misses you. The deep troll claws you!
The deep troll closely misses you.
You bite the deep troll!
The deep troll is moderately wounded.
The deep troll bites you!! The deep troll misses you.
The deep troll completely misses you.
You completely miss the deep troll.
The deep troll is moderately wounded.
The deep troll barely misses you. The deep troll misses you.
The deep troll barely misses you.
You hit the deep troll but do no damage.
The deep troll is moderately wounded.
You barely miss the deep troll.
The deep troll is moderately wounded.
The deep troll barely misses you. The deep troll claws you!
* * * LOW HITPOINT WARNING * * *
The deep troll claws you!!
You die...

################
#<.#.))..#..s..#
#..'..#..').#T.+
#..#####'#####'#
#..####..#...#.#
#..#__####..##.#
#..#_.___##'#..+
#⌠⌠#_.∩...'.(._#
####_..._##_.#'#
#_____###'#[#


You could see a deep troll.

Vanquished Creatures
  Sigmund (D)
  A yak (D)
  An ogre (D)
  A jelly (D)
  Ijyb (D)
5 creatures vanquished.

Vanquished Creatures (others)
  Sonja (D)
  A gargoyle (D)
2 creatures vanquished.

Grand Total: 7 creatures vanquished

Notes
Turn   | Place    | Note
--------------------------------------------------------------
     0 | D        | Hipnos the Draconian Transmuter began the quest for the Orb.
     0 | D        | Reached XP level 1. HP: 16/16 MP: 3/3
     3 | D        | Noticed Ijyb
    22 | D        | Killed Ijyb
    22 | D        | Reached skill level 5 in Unarmed Combat
    22 | D        | Reached XP level 2. HP: 20/23 MP: 2/5
    52 | D        | Learned a level 2 spell: Sticks to Snakes
    67 | D        | Noticed an ogre
    80 | D        | Killed an ogre
    80 | D        | Reached skill level 7 in Unarmed Combat
    80 | D        | Reached XP level 3. HP: 20/29 MP: 1/7
    80 | D        | Reached XP level 4. HP: 25/36 MP: 1/9
   153 | D        | Learned a level 3 spell: Spider Form
   230 | D        | Noticed Sigmund
   234 | D        | Killed Sigmund
   234 | D        | Reached skill level 9 in Unarmed Combat
   234 | D        | Reached skill level 5 in Transmutations
   234 | D        | Reached XP level 5. HP: 44/44 MP: 5/11
   278 | D        | Found a deep blue altar of Sif Muna.
   280 | D        | Found a radiant altar of Vehumet.
   284 | D        | Became a worshipper of Sif Muna the Loreminder
   288 | D        | Reached XP level 6. HP: 20/50 MP: 9/13
   326 | D        | Killed a gargoyle
   494 | D        | Found Gotutteu's Jewellery Emporium.
   494 | D        | Found a white marble altar of Elyvilon.
   494 | D        | Found a stormy altar of Qazlal.
   494 | D        | Found a burning altar of Makhleb.
   494 | D        | Found a sacrificial altar of Ru.
   494 | D        | Found an oddly glowing altar of Pakellas.
   494 | D        | Found a basalt altar of Yredelemnul.
   494 | D        | Found a glowing golden altar of the Shining One.
   494 | D        | Found a sparkling altar of Nemelex Xobeh.
   494 | D        | Found a shimmering altar of Xom.
   494 | D        | Found an opulent altar of Gozag.
   494 | D        | Found an ancient bone altar of Kikubaaqudgha.
   494 | D        | Found a glowing silver altar of Zin.
   494 | D        | Noticed a yak
   495 | D        | Found an iron altar of Okawaru.
   498 | D        | Killed a yak
   498 | D        | Reached skill level 10 in Unarmed Combat
   498 | D        | Reached skill level 5 in Spellcasting
   498 | D        | Reached skill level 1 in Poison Magic
   499 | D        | Found a bloodstained altar of Trog.
   503 | D        | Bought an uncursed ring of poison resistance for 220 gold pieces
   665 | D        | Learned a level 4 spell: Ice Form
   671 | D        | Learned a level 5 spell: Blade Hands
   672 | D        | Noticed Sonja
   679 | D        | Killed Sonja
   679 | D        | Reached * piety under Sif Muna
   679 | D        | Reached ** piety under Sif Muna
   679 | D        | Reached skill level 11 in Unarmed Combat
   679 | D        | Reached skill level 1 in Ice Magic
   679 | D        | Your scales start taking on a rich purple colour.
   679 | D        | Reached XP level 7. HP: 48/60 MP: 13/18
   784 | D        | Noticed a deep troll
   812 | D        | Mangled by a deep troll

Skill      XL: |  1  2  3  4  5  6 |
---------------+-------------------+-----
Dodging        | 2 3 4 6 |  6.3
Unarmed Combat | 5 7 9 11 | 11.3
Fighting       | 2 4 |  4.5
Spellcasting   | 3 4 7 |  7.9
Transmutations | 3 5 7 |  7.6
Poison Magic   | 2 |  2.4
Ice Magic      | 1 |  1.3

Action                   |  1- 3 |  4- 6 |  7- 9 || total
-------------------------+-------+-------+-------++-------
Melee: Unarmed           |    21 |    15 |     9 ||    45
       Kick              |     6 |       |       ||     6
       Headbutt          |     1 |       |       ||     1
 Cast: Beastly Appendage |     2 |       |       ||     2
       Sticks to Snakes  |     2 |       |     1 ||     3
       Spider Form       |       |     3 |     1 ||     4
       Ice Form          |       |     1 |       ||     1
  Use: Potion            |       |       |     1 ||     1
 Stab: Distracted        |     1 |       |       ||     1
       Sleeping          |       |     1 |       ||     1
Armor: Skin              |       |     2 |     1 ||     3
Dodge: Dodged            |    12 |     9 |    17 ||    38
